 Dungeon Crawl Stone Soup version 0.22-a0-422-g9628fc8 (webtiles) character file.

6005 Kairos the Cleaver (level 10, -9/51 HPs)
             Began as a Vine Stalker Fighter on May 16, 2018.
             Was an Elder of Okawaru.
             Killed from afar by Erica (23 damage)
             ... with a bolt of poison
             ... on level 8 of the Dungeon on May 17, 2018.
             The game lasted 00:14:47 (7020 turns).

Kairos the Cleaver (Vine Stalker Fighter)           Turns: 7020, Time: 00:14:49

Health: -9/51      AC: 11    Str: 22    XL:     10   Next: 85%
Magic:  0/11       EV: 15    Int:  8    God:    Okawaru [****..]
Gold:   380        SH: 10    Dex: 14    Spells: 7/9 levels left

rFire    . . .     SeeInvis .   a - +0 war axe
rCold    . . .     Gourm    .   c - +0 shield
rNeg     . . .     Faith    .   z - +2 ring mail {MR+}
rPois    .         Spirit   +   i - +0 helmet
rElec    .         Reflect  .   j - +0 cloak
rCorr    .         Harm     +   F - +0 pair of gloves
MR       ++...                  (no boots)
Stlth    +.........             g - amulet of harm
HPRegen  0.57/turn              w - +3 ring of evasion
MPRegen  0.12/turn              t - +1 ring of slaying

@: lethally poisoned (-9 -> -13)
A: fangs 3, regeneration 1, magic shield, antimagic bite, no potion heal 3, rot
immunity
a: Heroism, Renounce Religion


You were on level 8 of the Dungeon.
You worshipped Okawaru.
Okawaru was greatly pleased with you.
You were hungry.

You visited 2 branches of the dungeon, and saw 9 of its levels.

You collected 380 gold pieces.

Inventory:

Hand Weapons
 a - a +0 war axe (weapon)
 G - a +0 trident
 J - a cursed +0 morningstar
 M - a +0 hand axe of venom
Armour
 b - a +0 scale mail
 c - a +0 shield (worn)
 i - a +0 helmet (worn)
 j - a +0 cloak (worn)
 z - a +2 ring mail of magic resistance (worn)
 F - a +0 pair of gloves (worn)
 L - a +2 ring mail of cold resistance
Jewellery
 g - an amulet of harm (around neck)
 k - an uncursed ring of resist corrosion
 l - a +2 ring of dexterity
 p - an uncursed ring of protection from fire
 t - a +1 ring of slaying (right hand)
 w - a +3 ring of evasion (left hand)
Wands
 o - a wand of random effects (85)
 v - a wand of paralysis (37)
 A - a wand of disintegration (18)
 H - a wand of polymorph (15)
 I - a wand of digging (18)
 O - a wand of flame (30)
Scrolls
 h - 5 scrolls of remove curse
 q - a scroll of acquirement {unknown}
 s - 5 scrolls of teleportation
 y - a scroll of enchant weapon {unknown}
 C - a scroll of fear
 D - a scroll of amnesia {unknown}
 E - 2 scrolls of enchant armour
 K - a scroll of holy word {unknown}
 N - a scroll of identify
 P - a scroll of fog {unknown}
Potions
 d - 2 potions of might
 e - a potion of experience {unknown}
 m - 2 potions of haste
 n - 2 potions of lignification {unknown}
 r - a potion of flight {unknown}
 u - a potion of curing
 x - a potion of invisibility {unknown}
 B - a potion of agility
Comestibles
 f - 16 rations


   Skills:
 + Level 5.5 Fighting
 + Level 10.3 Axes
 + Level 5.0 Armour
 + Level 4.9 Dodging
 + Level 1.6 Stealth
 + Level 6.1 Shields
 + Level 0.8 Invocations


You had 7 spell levels left.
You knew the following spells:

 Your Spells              Type           Power        Failure   Level  Hunger
a - Blink                 Tloc           N/A          97%         2    ###....

Your spell library contained the following spells:

 Spells                   Type           Power        Failure   Level  Hunger
 Magic Dart               Conj           #...         91%         1    ##.....
 Conjure Flame            Conj/Fire      #.......     99%         3    ####...
 Slow                     Hex            #.......     97%         2    ###....
 Mephitic Cloud           Conj/Pois/Air  #.......     99%         3    ####...
 Call Imp                 Summ           #.......     97%         2    ###....


Dungeon Overview and Level Annotations

Branches:
Dungeon (8/15)             Temple (1/1) D:6            Lair (0/6) D:8

Altars:
Ashenzari
Cheibriados
Dithmenos
Elyvilon
Fedhas
Gozag
Hepliaklqana
Kikubaaqudgha
Makhleb
Nemelex Xobeh
Okawaru
Qazlal
Ru
Sif Muna
Trog
Uskayaw
Vehumet
Wu Jian
Xom
Yredelemnul
Zin
The Shining One

Shops:
D:4 (

Portals:
Bailey: D:8

Annotations:
D:7 1 runed door
D:8 Erica


Innate Abilities, Weirdness & Mutations

You have razor-sharp teeth.
Your natural rate of healing is unusually fast.
When hurt, damage is shared between your health and your magic reserves.
Your bite disrupts and absorbs the magic of your enemies.
Potions cannot restore your health.
You are immune to rotting.


Message History

You hear some strange, mumbled words.
An orb of energy appears from out of thin air!
The orb of energy hits you!
* * * LOW HITPOINT WARNING * * *
The orb of energy explodes!
You hear some strange, mumbled words.
A bolt of poison appears from out of thin air!
The bolt of poison misses you.
You hear some strange, mumbled words.
An orb of energy appears from out of thin air!
You block the orb of energy.
You hear some strange, mumbled words.
An orb of energy appears from out of thin air!
You block the orb of energy.
You are feeling hungry.
You hear some strange, mumbled words.
A bolt of poison appears from out of thin air!
The bolt of poison hits you!
You are poisoned.
You die...

#......##.........
#......###'####... #......# #.#
#... #......# #†# #... ###..###
#.# #... ############ ##.# #.#
#... #..........# #)# #.# #...
#.########'####'#####.# #...
#....##.....@.........# #...
#....##...............# *,,,
####....##.<............)# *,,,
#..+....##...............# ****
##.##....##...............#
.........############..##+######*
...).....# #.............*
........)# #.............*
...)..#### #.............*


There were no monsters in sight!

Vanquished Creatures
  Joseph (D:8)
  Prince Ribbit (D:6)
  A troll (D:7)
  Grinder (D:4)
  2 hippogriffs
  4 hogs (D:7)
  3 hungry ghosts (D:7)
  A human (D:7)
  A soldier ant (D:7)
  A water moccasin (D:7)
  Duvessa (D:6)
  An ice beast (D:6)
  A slave (D:8)
  4 sky beasts
  An orc warrior (D:7)
  4 centaurs
  4 ogres
  Blork the orc (D:6)
  2 bullfrogs
  Dowan (D:6)
  A scorpion (D:5)
  8 wights
  2 howler monkeys
  2 jellies
  4 hounds
  3 orc priests
  A bullfrog skeleton (D:6)
  A gnoll shaman (D:4)
  Natasha (thrice) (D:2)
  An iguana (D:5)
  12 orc wizards
  Terence (D:2)
  11 worker ants
  A killer bee zombie (D:7)
  5 gnolls (D:4)
  15 adders
  A shadow imp (D:8)
  An ooze (D:7)
  An adder skeleton (D:6)
  4 worms
  A dart slug (D:4)
  4 leopard geckos
  18 orcs
  2 ball pythons
  18 giant cockroaches
  14 goblins
  14 hobgoblins
  10 jackals
  8 bats
  11 frilled lizards
  A jackal skeleton (D:6)
  4 kobolds
  A leopard gecko zombie (D:5)
  A quokka zombie (D:7)
  8 rats
  A butterfly (D:7)
230 creatures vanquished.

Notes
Turn   | Place    | Note
-------+----------+-------------------------------------------
     0 | D:1      | Kairos the Vine Stalker Fighter began the quest for the Orb.
     0 | D:1      | Reached XP level 1. HP: 11/11 MP: 2/2
   182 | D:1      | Reached skill level 2 in Axes
   182 | D:1      | Reached XP level 2. HP: 16/16 MP: 3/3
   407 | D:1      | Reached XP level 3. HP: 20/20 MP: 2/4
  1110 | D:2      | Gained mutation: Your natural rate of healing is unusually fast. [Vine Stalker growth]
  1110 | D:2      | Reached XP level 4. HP: 18/24 MP: 5/5
  1177 | D:2      | Noticed Terence
  1185 | D:2      | Killed Terence
  1215 | D:2      | Reached skill level 3 in Axes
  1271 | D:2      | Noticed Natasha
  1281 | D:2      | Killed Natasha
  1281 | D:2      | Reached XP level 5. HP: 27/28 MP: 4/6
  1295 | D:2      | Noticed Natasha
  1303 | D:2      | Killed Natasha
  1520 | D:2      | Noticed Natasha
  1531 | D:2      | Killed Natasha
  1910 | D:3      | Reached skill level 1 in Dodging
  1910 | D:3      | Reached XP level 6. HP: 29/32 MP: 4/7
  2059 | D:3      | Reached skill level 4 in Axes
  2688 | D:4      | Reached XP level 7. HP: 34/36 MP: 6/8
  2812 | D:4      | Found a radiant altar of Vehumet.
  2857 | D:4      | Reached skill level 5 in Axes
  3033 | D:4      | Noticed Grinder
  3043 | D:4      | Paralysed by Grinder for 2 turns
  3054 | D:4      | Killed Grinder
  3232 | D:4      | Found Rafofuda's Antique Weapon Shoppe.
  3328 | D:4      | Reached skill level 6 in Axes
  3328 | D:4      | Gained mutation: You have razor-sharp teeth. [Vine Stalker growth]
  3328 | D:4      | Reached XP level 8. HP: 10/42 MP: 2/9
  3837 | D:5      | Entered Level 5 of the Dungeon
  3850 | D:5      | Learned a level 2 spell: Blink
  4673 | D:6      | Found a staircase to the Ecumenical Temple.
  4685 | Temple   | Entered the Ecumenical Temple
  4785 | Temple   | Became a worshipper of Warmaster Okawaru
  4862 | D:6      | Noticed Duvessa
  4866 | D:6      | Noticed Dowan
  4871 | D:6      | Killed Duvessa
  4871 | D:6      | Reached skill level 7 in Axes
  4879 | D:6      | Killed Dowan
  4881 | D:6      | Reached XP level 9. HP: 46/46 MP: 10/10
  4965 | D:6      | Found a deep blue altar of Sif Muna.
  4986 | D:6      | Reached * piety under Okawaru
  4986 | D:6      | Reached skill level 1 in Stealth
  5039 | D:6      | Reached skill level 5 in Shields
  5103 | D:6      | Noticed Blork the orc
  5108 | D:6      | Killed Blork the orc
  5108 | D:6      | Reached skill level 8 in Axes
  5361 | D:6      | Noticed Prince Ribbit
  5365 | D:6      | Killed Prince Ribbit
  5549 | D:7      | Reached ** piety under Okawaru
  5986 | D:7      | Noticed a troll
  5997 | D:7      | Reached skill level 9 in Axes
  5997 | D:7      | Reached XP level 10. HP: 29/51 MP: 11/11
  6000 | D:7      | Reached skill level 5 in Fighting
  6007 | D:7      | Found a runed door.
  6113 | D:7      | Found a runed door.
  6160 | D:7      | Reached *** piety under Okawaru
  6736 | D:8      | Reached **** piety under Okawaru
  6736 | D:8      | Reached skill level 10 in Axes
  6799 | D:8      | Found a flagged portal.
  6800 | D:8      | Noticed Joseph
  6812 | D:8      | Killed Joseph
  6812 | D:8      | Reached skill level 5 in Armour
  6986 | D:8      | Noticed Erica
  7020 | D:8      | Killed from afar by Erica

Vault maps used:
D:1:      erik_arrival_blinker_ship, minivault_11, minmay_lizard_pond
D:2:      minmay_roachtagon, first_ration, uniq_terence, uniq_natasha
D:3:      serial_co_window_serial, co_window_paths_a, co_window_paths_b,
          co_window_of_opportunity_a, co_window_paths_a, co_window_paths_a,
          co_window_corner_cb, co_window_2corner, co_window_corner_b,
          co_window_4corner_b, glass_columns_a
D:4:      cheibrodos_greedy_goblins, kennysheep_mini, serial_shops, shop,
          uniq_grinder
D:5:      guppyfry_early_lair_pool
D:6:      temple_statues, fountainhead, led_sif_pool, uniq_blork_the_orc,
          uniq_duvessa, uniq_prince_ribbit1
D:7:      lemuel_insect_pit, grunt_livestock
D:8:      david_lair_shrubbed, enter_bailey_2, ashenzari_altar_1, uniq_joseph,
          uniq_erica, uniq_pikel
Temple:   kilobyte_greek_temple

Skill      XL: |  1  2  3  4  5  6  7  8  9 10 |
---------------+-------------------------------+-----
Axes           | 2 3 4 6 7 9 10 | 10.3
Fighting       | 3 4 5 |  5.5
Shields        | 3 4 5 6 |  6.1
Armour         | 3 4 5 |  5.0
Dodging        | 1 2 4 |  4.9
Stealth        | 1 |  1.6
Invocations    | |  0.8

Action                   |  1- 3 |  4- 6 |  7- 9 | 10-12 || total
-------------------------+-------+-------+-------+-------++-------
Melee: War axe           |    94 |   160 |   283 |   159 ||   696
       Bite              |    16 |    45 |   106 |    49 ||   216
Invok: Heroism           |       |       |     2 |     5 ||     7
Evoke: Wand              |       |       |       |     1 ||     1
  Use: Scroll            |       |       |    10 |     1 ||    11
  Eat: Chunk             |       |     2 |     6 |     5 ||    13
       Ration            |       |     1 |     2 |     1 ||     4
Armor: Scale mail        |    36 |    73 |    18 |       ||   127
       Ring mail         |       |       |    58 |    33 ||    91
Dodge: Dodged            |    32 |    47 |   131 |    70 ||   280
Block: Shield            |    57 |   100 |   129 |    65 ||   351

Table legend:
 A = Spawn XP
 B = Non-spawn XP
 C = Spawn XP percentage of total XP
 D = Spawn monster count
 E = Non-spawn monster count
 F = Spawn count percentage of total count
 G = Total turns spent on level
                    A         B        C        D         E        F      G
               +---------+---------+-------+---------+---------+-------+---------
         Total |       0 |    8579 |   0.0 |       0 |     228 |   0.0 |  7020
               +---------+---------+-------+---------+---------+-------+---------
           D:1 |       0 |      50 |   0.0 |       0 |      31 |   0.0 |  1030
           D:2 |       0 |     243 |   0.0 |       0 |      30 |   0.0 |   830
           D:3 |       0 |     283 |   0.0 |       0 |      34 |   0.0 |   820
           D:4 |       0 |     639 |   0.0 |       0 |      30 |   0.0 |  1157
           D:5 |       0 |     473 |   0.0 |       0 |      12 |   0.0 |   716
           D:6 |       0 |    1860 |   0.0 |       0 |      30 |   0.0 |   975
           D:7 |       0 |    3639 |   0.0 |       0 |      52 |   0.0 |  1009
           D:8 |       0 |    1392 |   0.0 |       0 |       9 |   0.0 |   346
               +---------+---------+-------+---------+---------+-------+---------
